Map: Multitasking Trainer Alterzim (NeoMT)

Players

NeoAI Terran - Winner!

  • Race: Terran Terran
  • Spawn Location: 11:00

Dagrath

  • Race: Protoss Protoss
  • League: Silver
  • Spawn Location: 5:00

VOD

Have the link to the VOD?

Description

Time

  • Played on: Nov. 24, 2015, 6:07 a.m.
  • Length: 16:44
Show
View Real Time Build Order
Export as new Build Order

NeoAI Terran Terran - Winner!

Build Orders: Mech 

Get SALT Encoding   

  12  0:01  SCV  
  13  0:13  SCV  
  14  0:25  SCV  
  15  0:31  Barracks  
  15  0:37  SCV  
  15  0:41  Refinery  
  16  0:49  SCV  
  17  1:01  SCV  
  18  1:14  Barracks  
  18  1:19  Barracks Tech Lab  
  18  1:22  Refinery, Orbital Command  
  18  1:37  Marine  
  19  1:56  Marauder  
  19  1:58  Supply Depot  
  21  2:03  Marine  
  22  2:13  Bunker  
  22  2:15  Reaper  
  22  2:17  Marine  
  23  2:29  Supply Depot, Marine  
  24  2:37  SCV  
  24  2:42  Marine  
  26  2:49  SCV, Engineering Bay  
  28  2:54  Marine  
  29  3:01  SCV  
  30  3:07  Marine  
  30  3:08  Reaper  
  31  3:13  SCV  
  31  3:14  Terran Infantry Weapons Level 1  
  31  3:16  Supply Depot  
  32  3:25  SCV  
  32  3:26  Marauder  
  35  3:33  Marine  
  36  3:38  SCV  
  38  3:44  Missile Turret  
  38  3:47  Marine  
  39  4:05  Marauder  
  40  4:20  Missile Turret  
  40  4:26  Marauder  
  40  4:29  Missile Turret  
  42  4:45  Missile Turret  
  41  5:08  Terran Infantry Armor Level 1  
  41  5:15  Missile Turret  
  41  5:26  Missile Turret  
  41  5:47  Missile Turret  
  41  5:57  Marine x2  
  43  6:14  Marine  
  43  6:15  Marauder  
  43  6:17  Marauder x2  
  46  6:20  Marine x4  
  46  6:32  Marine  
  46  6:34  Supply Depot  
  46  6:35  Supply Depot  
  46  6:36  Supply Depot, Marine  
  46  6:37  SCV  
  46  6:39  Factory  
  57  6:43  Factory  
  57  6:44  Command Center  
  57  6:49  Sensor Tower  
  57  6:52  Barracks  
  57  6:55  SCV, Marine  
  57  6:56  Marauder  
  61  7:08  SCV  
  62  7:13  Marine  
  63  7:17  Factory, Marine  
  63  7:20  SCV  
  65  7:23  Supply Depot, Missile Turret  
  65  7:24  Supply Depot  
  65  7:26  Missile Turret  
  64  7:31  Marine  
  64  7:32  SCV, Starport  
  64  7:33  Supply Depot  
  64  7:35  Marauder  
  60  7:39  Reaper  
  57  7:49  Marine  
  57  7:50  Factory Tech Lab x2, Missile Turret  
  51  7:51  Armory  
  51  7:55  Starport  
  51  7:56  Marine  
  51  7:57  SCV  
  52  7:59  Sensor Tower  
  52  8:00  SCV  
  52  8:02  Missile Turret  
  51  8:06  Marine  
  51  8:07  Missile Turret  
  51  8:08  Starport Tech Lab, Infernal Pre-Igniter  
  51  8:09  SCV, Missile Turret  
  51  8:11  Marine  
  51  8:12  SCV  
  55  8:14  Marauder  
  51  8:21  SCV  
  51  8:24  SCV, Missile Turret, Marine  
  51  8:26  Banshee  
  54  8:28  Marine  
  54  8:29  Bunker  
  54  8:32  Starport Tech Lab  
  54  8:33  SCV  
  59  8:34  Sensor Tower  
  59  8:35  Marine  
  59  8:36  SCV  
  59  8:38  Terran Infantry Weapons Level 2  
  61  8:42  Marine  
  61  8:45  SCV  
  61  8:46  Marine  
  61  8:48  SCV  
  65  8:49  Hellbat x3  
  65  8:50  Raven  
  65  8:53  Marauder  
  74  9:00  Marine  
  75  9:04  Marine  
  75  9:06  SCV  
  75  9:09  SCV, Banshee, Thor  
  78  9:10  Siege Tank  
  78  9:14  Marine  
  91  9:17  Hellbat  
  91  9:18  SCV, Marine  
  91  9:22  SCV, Marine  
  97  9:30  SCV  
  98  9:33  Raven, Marauder  
  98  9:34  SCV  
  98  9:36  Supply Depot, Marine  
  104  9:40  Marine  
  104  9:44  Supply Depot  
  104  9:45  Supply Depot  
  105  9:46  Hellbat x2  
  105  9:47  Supply Depot x2  
  105  9:48  Supply Depot  
  105  9:52  Banshee  
  109  9:56  Supply Depot  
  112  10:07  Siege Tank, Marine  
  116  10:16  Supply Depot x2  
  116  10:20  Supply Depot  
  116  10:24  Marine x2  
  116  10:25  Marauder  
  120  10:29  Hellbat x2  
  120  10:35  Banshee  
  127  10:43  Hellbat  
  127  10:46  Marine  
  130  10:51  SCV  
  130  10:53  SCV, Terran Infantry Armor Level 2  
  132  10:57  Hellbat x2  
  132  11:00  Marine x2  
  132  11:04  Thor, Marauder  
  146  11:16  Ghost Academy  
  146  11:18  Banshee, Marine x2  
  146  11:25  Marine  
  152  11:26  Hellbat x2  
  156  11:36  Marine x2  
  158  11:41  Medivac  
  158  11:43  Marauder  
  162  11:47  Siege Tank  
  162  11:48  Missile Turret  
  162  11:54  Hellbat x2, Marine x2  
  165  12:00  Missile Turret  
  165  12:01  Banshee  
  161  12:02  Missile Turret  
  161  12:04  Marine  
  151  12:11  Medivac  
  151  12:12  Marine x2  
  154  12:15  Siege Tank  
  159  12:22  Marauder  
  159  12:23  Hellbat x2  
  159  12:29  Marine x2  
  163  12:30  Missile Turret  
  147  12:40  Raven  
  147  12:43  Marine  
  147  12:44  Banshee, Siege Tank  
  142  12:47  Marine x2  
  150  12:51  Hellbat x2  
  150  12:53  Missile Turret  
  154  13:00  SCV  
  154  13:02  Marauder  
  154  13:05  Marine x2  
  157  13:06  Stimpack  
  157  13:10  Terran Infantry Weapons Level 3  
  155  13:12  Siege Tank  
  158  13:20  Hellbat x2  
  158  13:22  Marine  
  158  13:23  Marine x2  
  158  13:27  Banshee  
  168  13:41  Marauder, Siege Tank, Marine x2  
  174  13:48  Hellbat x2  
  178  13:59  Marine x2  
  178  14:02  Marine  
  181  14:06  Refinery  
  181  14:08  Supply Depot  
  181  14:09  Thor, Banshee  
  181  14:10  Refinery  
  181  14:17  Hellbat x2, Marine x2  
  190  14:20  Marauder  
  198  14:34  Marine x2  
  200  14:41  Marine  
  200  14:42  Command Center  
  195  14:46  Hellbat x2  
  195  14:52  Marine  
  198  15:28  Hellbat  
  200  16:04  Marine x3  
  194  16:09  Refinery  
  200  16:13  Missile Turret  
  200  16:15  Missile Turret  
  197  16:18  Engineering Bay  
  197  16:20  Refinery  
  197  16:22  Marauder, Marine  
  200  16:37  Bunker  
Show
View Real Time Build Order
Export as new Build Order

Dagrath Protoss 

Build Orders:  

Get SALT Encoding   

  12  0:02  Probe (Chrono Boost)  
  13  0:12  Probe (Chrono Boost)  
  14  0:20  Pylon  
  14  0:23  Probe (Chrono Boost)  
  15  0:38  Probe (Chrono Boost)  
  15  0:41  Gateway  
  16  0:49  Probe (Chrono Boost)  
  17  1:01  Probe (Chrono Boost)  
  18  1:05  Assimilator  
  18  1:11  Pylon  
  18  1:12  Probe (Chrono Boost)  
  19  1:25  Probe (Chrono Boost)  
  20  1:32  Assimilator  
  20  1:35  Probe (Chrono Boost)  
  21  1:46  Probe (Chrono Boost)  
  22  1:56  Probe (Chrono Boost)  
  22  2:00  Nexus  
  23  2:07  Probe (Chrono Boost)  
  24  2:22  Gateway  
  24  2:25  Gateway  
  24  2:31  Cybernetics Core  
  25  2:37  Probe (Chrono Boost)  
  25  2:39  Zealot  
  27  2:48  Pylon  
  27  2:54  Probe (Chrono Boost)  
  28  3:18  Zealot x2  
  34  3:22  Stalker  
  34  3:23  Probe (Chrono Boost)  
  34  3:24  Probe (Chrono Boost)  
  36  3:49  Warp Gate (Chrono Boost)  
  35  3:57  Probe  
  35  3:58  Probe  
  37  4:07  Probe  
  38  4:10  Probe  
  39  4:33  Stalker  
  39  4:34  Stalker, Sentry  
  45  4:40  Mothership Core  
  45  4:41  Pylon  
  47  5:00  Stalker  
  47  5:03  Stalker  
  47  5:04  Stalker  
  47  5:05  Twilight Council  
  53  5:10  Forge  
  53  5:13  Forge  
  53  5:33  Stalker  
  55  5:48  Stalker x2  
  59  5:52  Probe  
  59  5:53  Probe  
  61  6:01  Assimilator  
  61  6:02  Assimilator  
  61  6:08  Protoss Ground Weapons Level 1 (Chrono Boost), Pylon, Protoss Ground Armor Level 1 (Chrono Boost)  
  61  6:10  Pylon  
  61  6:14  Probe  
  61  6:16  Charge  
  62  6:26  Probe  
  62  6:29  Stalker x2  
  67  6:34  Stalker  
  69  6:42  Templar Archives  
  69  6:52  Gateway  
  69  6:58  Gateway  
  69  6:59  Gateway  
  69  7:02  Gateway  
  69  7:18  Nexus  
  61  7:41  Stalker x3  
  47  7:53  Protoss Ground Weapons Level 2 (Chrono Boost)  
  43  7:58  Sentry  
  43  7:59  Stalker  
  43  8:06  Stalker  
  43  8:07  Zealot  
  43  8:08  Zealot x3  
  47  8:36  Protoss Ground Armor Level 2 (Chrono Boost)  
  47  8:38  Zealot x6  
  47  8:39  Zealot  
  61  8:51  Robotics Facility  
  61  9:06  Probe  
  61  9:07  Probe x2  
  64  9:10  Stalker x4  
  72  9:18  Stalker  
  72  9:19  Stalker x2  
  72  9:20  Pylon x2  
  78  9:38  Probe  
  78  9:40  Probe x2  
  78  9:43  Stalker  
  78  9:44  Stalker x2  
  87  9:49  Probe  
  87  9:52  Probe x2  
  90  9:53  Pylon  
  90  9:54  Pylon  
  90  9:57  Assimilator  
  90  10:01  Assimilator  
  90  10:08  Robotics Facility  
  90  10:13  Psionic Storm  
  90  10:21  Protoss Shields Level 1 (Chrono Boost)  
  90  10:29  Robotics Bay  
  90  10:47  Probe  
  91  10:57  Stalker, Protoss Ground Weapons Level 3 (Chrono Boost)  
  91  10:58  Stalker x3  
  91  11:01  Zealot  
  101  11:11  Blink  
  101  11:24  Colossus  
  107  11:31  Probe x2  
  107  11:32  Probe  
  110  11:41  Probe  
  110  11:44  Probe x2  
  113  11:49  Pylon  
  113  11:50  Pylon  
  113  11:52  Extended Thermal Lance  
  91  12:01  High Templar x2  
  91  12:07  Archon  
  56  12:15  Stalker x2  
  56  12:16  Stalker x2  
  56  12:17  Zealot  
  58  12:34  Sentry x2  
  44  12:46  Zealot x4  
  44  12:47  Zealot  
  39  13:01  Adept x2  
  37  13:12  Resonating Glaives  
  37  13:15  Stalker x3  
  23  13:34  Stalker  
  23  13:35  Stalker  
  25  13:42  Zealot  
  25  13:44  Zealot  
  25  13:51  Zealot  
  27  13:59  Zealot  
  23  14:04  Zealot  
  25  14:15  Stalker  
  27  14:20  Zealot  
  29  14:27  Pylon  
  25  14:51  Zealot x2  
  23  15:00  Zealot x2  
  27  15:36  Nexus  
  27  15:42  Zealot x2  
  25  16:06  Zealot x2  
Tags
 
Add a new tag
Caveats
  • Supply blocks, unpowered buildings, or Contaminate may cause inaccurate times.
  • Supply counts are checked every 10 seconds.